[Event "European Womens-ch 2025"]
[Site "Rhodes"]
[Date "2025.04.04"]
[Round "5.42"]
[White "Mgeladze, Kesaria"]
[Black "Golsta, Madara"]
[Result "1-0"]
[Annotator "ChessBase"]
[ECO "B38"]
[WhiteElo "2200"]
[BlackElo "1979"]
[PlyCount "119"]
[EventDate "2025.03.29"]
[EventType "swiss"]
[EventCountry "GRE"]
[SourceTitle "playchess.com"]
[Source "ChessBase"]
[SourceQuality "1"]
[TimeControl "40/5400+30:1800+30"]

1. e4 c5 2. Nf3 Nc6 3. d4 cxd4 4. Nxd4 g6 5. c4 Bg7 6. Be3 Qb6 7. Nxc6 Qxc6 8. Qc2 b5 9. c5 Nf6 10. Bd3 Ng4 11. Bf4 Qf6 12. Bc1 O-O 13. Nc3 b4 14. Nd5 Qd4 15. O-O e6 16. Ne7+ Kh8 17. Be2 Nf6 18. Bf3 Bb7 19. Rd1 Bxe4 20. Rxd4 Bxc2 21. Bxa8 Rxa8 22. Bg5 Ne4 23. Rxd7 Nxg5 24. c6 Ba4 25. Rb7 Bxc6 26. Nxc6 Bxb2 27. Rb1 Bc3 28. h4 Ne4 29. Nxb4 Bd4 30. Nd3 Kg8 31. Rb8+ Rxb8 32. Rxb8+ Kg7 33. Rb4 e5 34. Nxe5 Bxe5 35. Rxe4 Bd6 36. Kf1 Kf6 37. Ke2 h5 38. Kf3 Bc5 39. Kg3 Bd6+ 40. Kf3 Bc5 41. Ke2 Bb6 42. Kd3 g5 43. hxg5+ Kxg5 44. f3 f5 45. Re8 Kf4 46. Rh8 Kg5 47. Kc4 h4 48. Kd5 Bf2 49. Ke5 Bg3+ 50. Ke6 Kf4 51. Rh5 Ke3 52. Kxf5 Kf2 53. Kg4 Kxg2 54. a4 a5 55. Rh7 Kf2 56. f4 Ke3 57. f5 Be5 58. Rxh4 Ke4 59. Kg5+ Kd5 60. f6 1-0

[Event "European Womens-ch 2025"]
[Site "Rhodes"]
[Date "2025.04.04"]
[Round "5.43"]
[White "Prado Acebo, Ines"]
[Black "Nahapetyan, Ani"]
[Result "1-0"]
[Annotator "ChessBase"]
[ECO "D10"]
[WhiteElo "2199"]
[BlackElo "1887"]
[PlyCount "111"]
[EventDate "2025.03.29"]
[EventType "swiss"]
[EventCountry "GRE"]
[SourceTitle "playchess.com"]
[Source "ChessBase"]
[SourceQuality "1"]
[TimeControl "40/5400+30:1800+30"]

1. d4 d5 2. c4 c6 3. cxd5 cxd5 4. Nc3 Nf6 5. f3 Bf5 6. g4 Be6 7. Nh3 Qd7 8. Nf4 h6 9. h4 Nc6 10. Bh3 g5 11. hxg5 hxg5 12. Nxe6 Qxe6 13. Bxg5 Nxg4 14. fxg4 Rxh3 15. Rxh3 Qxg4 16. Rf3 Qg1+ 17. Rf1 Qg3+ 18. Kd2 Qxg5+ 19. e3 Nxd4 20. Qa4+ Nc6 21. Rg1 Qe5 22. Qf4 O-O-O 23. Qxe5 Nxe5 24. Ke2 Bh6 25. Rac1 Kb8 26. Nxd5 e6 27. Nf6 a6 28. b3 Bf8 29. Rgd1 Rxd1 30. Rxd1 Kc7 31. Ne8+ Kc6 32. Rc1+ Kb6 33. Nf6 Be7 34. Ne4 Ng4 35. Nf2 Nxe3 36. Rc8 Nd5 37. Nd3 Bd6 38. Nb2 Bf4 39. Nd3 Bc7 40. Rf8 f6 41. Re8 e5 42. Re6+ Kb5 43. Kd2 b6 44. a4+ Ka5 45. Kc2 b5 46. Rc6 Bb6 47. Rd6 Ne3+ 48. Kb1 bxa4 49. bxa4 Bd4 50. Rxf6 e4 51. Rd6 Nf5 52. Rd5+ Kxa4 53. Nc1 Kb4 54. Rxf5 Kc4 55. Kc2 e3 56. Ra5 1-0

[Event "European Womens-ch 2025"]
[Site "Rhodes"]
[Date "2025.04.04"]
[Round "5.44"]
[White "Korenova, Martina"]
[Black "Karacsonyi, Kata"]
[Result "0-1"]
[Annotator "ChessBase"]
[ECO "A65"]
[WhiteElo "2045"]
[BlackElo "2198"]
[PlyCount "78"]
[EventDate "2025.03.29"]
[EventType "swiss"]
[EventCountry "GRE"]
[SourceTitle "playchess.com"]
[Source "ChessBase"]
[SourceQuality "1"]
[TimeControl "40/5400+30:1800+30"]

1. c4 Nf6 2. Nc3 g6 3. d4 Bg7 4. e4 d6 5. f3 O-O 6. Be3 c5 7. d5 e6 8. Nge2 exd5 9. cxd5 a6 10. a4 Re8 11. Ng3 h5 12. h4 Nh7 13. Bf2 Bf6 14. Nge2 Nd7 15. g3 Ne5 16. Bg2 Bd7 17. a5 Nc4 18. O-O Nxa5 19. f4 Bg4 20. Qc2 b5 21. e5 dxe5 22. Bxc5 Rc8 23. b4 Nb7 24. Ne4 a5 25. N2c3 exf4 26. Nxf6+ Nxf6 27. Rxf4 Nxc5 28. bxc5 Rxc5 29. Raf1 Bf5 30. Rxf5 gxf5 31. Qxf5 Qb6 32. Qg5+ Kf8 33. Qh6+ Ke7 34. Ne4 Rc1+ 35. Kh1 Rxf1+ 36. Bxf1 Nxd5 37. Qg5+ Nf6 38. Bxb5 Rc8 39. Bd3 Qe6 0-1

[Event "European Womens-ch 2025"]
[Site "Rhodes"]
[Date "2025.04.04"]
[Round "5.45"]
[White "Kosma, Maria"]
[Black "Terbe, Zsuzsanna"]
[Result "0-1"]
[Annotator "ChessBase"]
[ECO "C95"]
[WhiteElo "1826"]
[BlackElo "2179"]
[PlyCount "88"]
[EventDate "2025.03.29"]
[EventType "swiss"]
[EventCountry "GRE"]
[SourceTitle "playchess.com"]
[Source "ChessBase"]
[SourceQuality "1"]
[TimeControl "40/5400+30:1800+30"]

1. e4 e5 2. Nf3 Nc6 3. Bb5 a6 4. Ba4 Nf6 5. O-O Be7 6. Re1 b5 7. Bb3 d6 8. c3 O-O 9. h3 Nb8 10. d4 Nbd7 11. Nbd2 Bb7 12. Bc2 Re8 13. Nf1 Bf8 14. Ng3 g6 15. Nh2 Bg7 16. Ng4 Nxg4 17. hxg4 exd4 18. cxd4 c5 19. d5 Qh4 20. Bd3 Bd4 21. Bf4 Ne5 22. Be2 Bc8 23. Nh1 Qf6 24. Qd2 Nxg4 25. Bxg4 Bxg4 26. Bg5 Qe5 27. Rab1 f6 28. Bf4 Qe7 29. Bg3 Rad8 30. Kh2 g5 31. f3 Bd7 32. Bf2 Be5+ 33. g3 Qg7 34. Be3 Qh6+ 35. Kg1 Kh8 36. Re2 Rg8 37. Rh2 Qg6 38. Rf1 f5 39. exf5 Bxf5 40. f4 gxf4 41. Bxf4 Be4 42. Rh6 Qg7 43. Rh3 Bd4+ 44. Kh2 Bxd5 0-1

[Event "European Womens-ch 2025"]
[Site "Rhodes"]
[Date "2025.04.04"]
[Round "5.46"]
[White "Lach, Aleksandra"]
[Black "Shuqja, Klean"]
[Result "1/2-1/2"]
[Annotator "ChessBase"]
[ECO "A47"]
[WhiteElo "2208"]
[BlackElo "2049"]
[PlyCount "105"]
[EventDate "2025.03.29"]
[EventType "swiss"]
[EventCountry "GRE"]
[SourceTitle "playchess.com"]
[Source "ChessBase"]
[SourceQuality "1"]
[TimeControl "40/5400+30:1800+30"]

1. d4 Nf6 2. Nf3 e6 3. e3 b6 4. Bd3 Bb7 5. O-O Be7 6. Nbd2 c5 7. b3 Nc6 8. Bb2 d5 9. Ne5 Nxe5 10. dxe5 Nd7 11. f4 g6 12. Qe2 Qc7 13. c4 O-O-O 14. cxd5 Bxd5 15. Ba6+ Bb7 16. a4 Bxa6 17. Qxa6+ Qb7 18. Qe2 Nb8 19. a5 b5 20. Rac1 Rd7 21. Nf3 Rhd8 22. e4 Nc6 23. Qe1 Kb8 24. f5 Nb4 25. Qe2 Rd3 26. Rc3 a6 27. Rxd3 Rxd3 28. Bc1 gxf5 29. exf5 Qd5 30. f6 Bf8 31. Ng5 c4 32. bxc4 bxc4 33. Nxf7 c3 34. Nd6 Qd4+ 35. Kh1 c2 36. Qh5 Bxd6 37. exd6 Qf2 38. Qe8+ Kb7 39. Qd7+ Kb8 40. Qd8+ Kb7 41. Qb6+ Qxb6 42. axb6 Rd1 43. Kg1 Nd3 44. f7 Nxc1 45. f8=Q Ne2+ 46. Kh1 c1=Q 47. Qf3+ Kb8 48. Qf8+ Kb7 49. Qf3+ Kb8 50. Qf8+ Kb7 51. Qf3+ Kb8 52. Qf8+ Kb7 53. Qf3+ 1/2-1/2

[Event "European Womens-ch 2025"]
[Site "Rhodes"]
[Date "2025.04.04"]
[Round "5.47"]
[White "Schloffer, Jasmin-Denise"]
[Black "Donghvani, Nia"]
[Result "1/2-1/2"]
[Annotator "ChessBase"]
[ECO "E48"]
[WhiteElo "2188"]
[BlackElo "2025"]
[PlyCount "81"]
[EventDate "2025.03.29"]
[EventType "swiss"]
[EventCountry "GRE"]
[SourceTitle "playchess.com"]
[Source "ChessBase"]
[SourceQuality "1"]
[TimeControl "40/5400+30:1800+30"]

1. d4 Nf6 2. c4 e6 3. Nc3 Bb4 4. e3 O-O 5. Bd3 c5 6. Nge2 d5 7. cxd5 cxd4 8. exd4 Nxd5 9. O-O Nc6 10. Nxd5 exd5 11. Nf4 Qd6 12. Be3 Ne7 13. Qh5 f5 14. Bc2 Ba5 15. Nd3 Bb6 16. Bb3 a5 17. Bf4 Qd8 18. Be5 a4 19. Bc2 Nc6 20. Qd1 Nxd4 21. Bxa4 Nc6 22. Bb3 Nxe5 23. Nxe5 Be6 24. Nf3 Kh8 25. Nd4 Bg8 26. Qd3 Qf6 27. Rad1 Rae8 28. Rd2 Re4 29. Nf3 Rd8 30. Qb5 d4 31. Bxg8 Kxg8 32. a4 h6 33. Rfd1 Kh7 34. b4 Bc7 35. Qxb7 Bf4 36. Rd3 Rb8 37. Qd5 Rxb4 38. Rxd4 Rxa4 39. Rxa4 Rxa4 40. Nd4 Be5 41. Nf3 1/2-1/2

[Event "European Womens-ch 2025"]
[Site "Rhodes"]
[Date "2025.04.04"]
[Round "5.48"]
[White "Hariharan, Shambavi"]
[Black "Pavlidou, Ekaterini"]
[Result "0-1"]
[Annotator "ChessBase"]
[ECO "A43"]
[WhiteElo "2024"]
[BlackElo "2160"]
[PlyCount "106"]
[EventDate "2025.03.29"]
[EventType "swiss"]
[EventCountry "GRE"]
[SourceTitle "playchess.com"]
[Source "ChessBase"]
[SourceQuality "1"]
[TimeControl "40/5400+30:1800+30"]

1. d4 Nf6 2. Nf3 c5 3. d5 d6 4. Nc3 g6 5. e4 Bg4 6. h3 Bxf3 7. Qxf3 Nbd7 8. Bf4 Bg7 9. Bc4 a6 10. a4 O-O 11. O-O Nh5 12. Bh2 Be5 13. Be2 f5 14. exf5 Rxf5 15. Qe3 Bd4 16. Qe6+ Rf7 17. Bxh5 gxh5 18. Ne2 Nf8 19. Qh6 Bg7 20. Qxh5 Qb6 21. Rab1 Ng6 22. b3 Raf8 23. c4 Qb4 24. f4 Qd2 25. Kh1 Rf5 26. Qg4 Ne5 27. Qh4 Qxe2 28. Rfe1 Ng6 29. Qxh7+ Kxh7 30. Rxe2 Nxf4 31. Bxf4 Rxf4 32. Rxe7 R8f7 33. Rbe1 Be5 34. Rxf7+ Rxf7 35. Kg1 a5 36. Re4 Kg6 37. Re1 Rf4 38. Re2 Rd4 39. Re1 Rd3 40. Rb1 Bg3 41. Kf1 Re3 42. Kg1 Kf5 43. Kf1 Ke4 44. Kg1 Kd3 45. Rf1 Kc2 46. Rf3 Re1+ 47. Rf1 Rxf1+ 48. Kxf1 Kxb3 49. Ke2 Kxc4 50. Kf3 Be5 51. g4 Kb3 52. g5 c4 53. g6 c3 0-1

[Event "European Womens-ch 2025"]
[Site "Rhodes"]
[Date "2025.04.04"]
[Round "5.49"]
[White "Piddubna, Bozhena"]
[Black "Bhatia, Kanishka"]
[Result "1-0"]
[Annotator "NA"]
[ECO "D35"]
[WhiteElo "2145"]
[BlackElo "2012"]
[PlyCount "147"]
[EventDate "2025.03.29"]
[EventType "swiss"]
[EventCountry "GRE"]
[SourceTitle "playchess.com"]
[Source "ChessBase"]
[SourceQuality "1"]
[TimeControl "40/5400+30:1800+30"]

1. d4 Nf6 2. c4 e6 3. Nc3 d5 4. cxd5 exd5 5. Bg5 Be7 6. e3 O-O 7. Bd3 Re8 8. Bxf6 Bxf6 9. Qh5 g6 10. Qxd5 Bxd4 11. Nge2 Bg7 12. Bc4 Qe7 13. O-O c6 14. Qd2 Nd7 15. Nd4 Ne5 16. Be2 Be6 17. Nxe6 Qxe6 18. Rfd1 Nc4 19. Bxc4 Qxc4 20. Rac1 Re7 21. b3 Qh4 22. Ne2 Rae8 23. Rc4 Qf6 24. Rd4 h5 25. Rd3 Bh6 26. Nd4 Bg7 27. Nf3 Qf5 28. h3 Bf6 29. Rd6 Re6 30. Rd7 R6e7 31. Rd3 g5 32. Nd4 Qg6 33. Ne2 Qf5 34. Ng3 Qg6 35. Rd6 Re6 36. Qe2 g4 37. hxg4 hxg4 38. Rxe6 Rxe6 39. Qd3 Qxd3 40. Rxd3 Re8 41. Rd7 Re7 42. Rxe7 Bxe7 43. Nf5 Bg5 44. Kh2 Kh7 45. Kg3 Kg6 46. Kxg4 c5 47. Nd6 f5+ 48. Nxf5 b5 49. Nd6 a6 50. Kf3 Be7 51. Nc8 Bf8 52. Ke4 a5 53. Na7 c4 54. Nxb5 cxb3 55. axb3 Bb4 56. Kd5 Kf6 57. e4 Be1 58. f3 Bg3 59. Nc3 Be5 60. Ne2 Bb2 61. f4 Ke7 62. e5 Kf7 63. f5 Ke7 64. g4 Kd7 65. f6 a4 66. bxa4 Ke8 67. Ke6 Kf8 68. g5 Kg8 69. g6 Ba3 70. a5 Bc5 71. a6 Ba7 72. Kd7 Be3 73. e6 Bc5 74. Nf4 1-0

[Event "European Womens-ch 2025"]
[Site "Rhodes"]
[Date "2025.04.04"]
[Round "5.50"]
[White "Zaksaite, Salomeja"]
[Black "Kiousi, Panagiota"]
[Result "1/2-1/2"]
[Annotator "NA"]
[ECO "E14"]
[WhiteElo "2137"]
[BlackElo "1998"]
[PlyCount "97"]
[EventDate "2025.03.29"]
[EventType "swiss"]
[EventCountry "GRE"]
[SourceTitle "playchess.com"]
[Source "ChessBase"]
[SourceQuality "1"]
[TimeControl "40/5400+30:1800+30"]

1. d4 Nf6 2. Nf3 e6 3. e3 b6 4. Bd3 Bb7 5. O-O Be7 6. b3 O-O 7. Bb2 Ne4 8. c4 f5 9. Nc3 Nxc3 10. Bxc3 Qe8 11. Qe2 Qg6 12. Rfe1 Be4 13. Bxe4 fxe4 14. Ne5 Qe8 15. Qg4 c6 16. Qxe4 d5 17. Qg4 Bf6 18. Nd3 h5 19. Qg3 Nd7 20. e4 dxc4 21. bxc4 Nc5 22. Nxc5 bxc5 23. dxc5 h4 24. Qe3 Bxc3 25. Qxc3 Qh5 26. Qe3 e5 27. Rad1 Rf4 28. h3 Raf8 29. Re2 Rxf2 30. Rde1 R2f4 31. Kh2 Qf7 32. Qc3 Qe7 33. Qe3 Qe6 34. Rc2 Qg6 35. Rd2 R8f6 36. Ree2 Rf1 37. Rd3 Kh7 38. Rd6 Rxd6 39. cxd6 Qxd6 40. Rf2 Qd1 41. Rxf1 Qxf1 42. Qxa7 Qf4+ 43. Kg1 Qxe4 44. Qc5 Qe1+ 45. Kh2 Qg3+ 46. Kg1 Qe1+ 47. Kh2 Qg3+ 48. Kg1 Qe1+ 49. Kh2 1/2-1/2

[Event "European Womens-ch 2025"]
[Site "Rhodes"]
[Date "2025.04.04"]
[Round "5.51"]
[White "Krkyasharyan, Sona"]
[Black "Dicen, Elis Denele"]
[Result "1/2-1/2"]
[Annotator "NA"]
[ECO "D37"]
[WhiteElo "1989"]
[BlackElo "2129"]
[PlyCount "101"]
[EventDate "2025.03.29"]
[EventType "swiss"]
[EventCountry "GRE"]
[SourceTitle "playchess.com"]
[Source "ChessBase"]
[SourceQuality "1"]
[TimeControl "40/5400+30:1800+30"]

1. d4 d5 2. c4 e6 3. Nc3 Nf6 4. Nf3 Be7 5. Bf4 O-O 6. e3 c5 7. dxc5 Bxc5 8. Qc2 Nc6 9. a3 Qa5 10. Rd1 Re8 11. Nd2 e5 12. Bg5 Nd4 13. Qb1 Bf5 14. Bd3 Bxd3 15. Qxd3 Ne4 16. Nxd5 Nxg5 17. b4 Qd8 18. bxc5 Nde6 19. O-O Nxc5 20. Qf5 f6 21. h4 Nf7 22. Ne4 Nxe4 23. Qxe4 Qc8 24. h5 Qc6 25. Rb1 Kh8 26. Rfd1 Nd6 27. Qh4 h6 28. Rbc1 b6 29. e4 Re6 30. Qg4 Rae8 31. Rd3 Nf7 32. c5 bxc5 33. Rdc3 Rd6 34. Rxc5 Qa4 35. Qg6 Rf8 36. Rc8 Rdd8 37. Nxf6 gxf6 38. Qxf6+ Kg8 39. Qg6+ Kh8 40. Rxd8 Rxd8 41. Qxf7 Rd1+ 42. Rxd1 Qxd1+ 43. Kh2 Qd2 44. Qe8+ Kh7 45. Qxe5 a5 46. Qf5+ Kh8 47. e5 a4 48. Qf8+ Kh7 49. Qf7+ Kh8 50. e6 Qd6+ 51. g3 1/2-1/2

[Event "European Womens-ch 2025"]
[Site "Rhodes"]
[Date "2025.04.04"]
[Round "5.52"]
[White "Tirpan, Ceren"]
[Black "Berke, Ana"]
[Result "1-0"]
[Annotator "NA"]
[ECO "A29"]
[WhiteElo "1996"]
[BlackElo "2119"]
[PlyCount "99"]
[EventDate "2025.03.29"]
[EventType "swiss"]
[EventCountry "GRE"]
[SourceTitle "playchess.com"]
[Source "ChessBase"]
[SourceQuality "1"]
[TimeControl "40/5400+30:1800+30"]

1. c4 e5 2. g3 Nf6 3. Bg2 d5 4. cxd5 Nxd5 5. Nc3 Ne7 6. Nf3 Nbc6 7. O-O g6 8. b4 a6 9. Bb2 Bg7 10. a3 O-O 11. Rc1 h6 12. d3 Rb8 13. e3 Be6 14. b5 axb5 15. Nxb5 Qd7 16. d4 e4 17. Nd2 f5 18. a4 Nd5 19. Ba3 Rfc8 20. Rb1 Ra8 21. Qc2 Nb6 22. Rfd1 Bf7 23. Bf1 Nxa4 24. Nc4 Bd5 25. Ra1 Kh7 26. Rdb1 Bxc4 27. Qxc4 Nb6 28. Qb3 Nd5 29. Nc3 Nxc3 30. Qxc3 Nd8 31. Qb3 c6 32. Rd1 Nf7 33. Bc4 Nd8 34. Rab1 b5 35. Bf1 Ra4 36. d5 Rca8 37. dxc6 Qc8 38. Bb2 Bxb2 39. Rxb2 R8a7 40. Qd5 Nxc6 41. Rc2 Nb4 42. Rxc8 Nxd5 43. Rxd5 b4 44. Rb8 g5 45. Rxf5 Rc7 46. Kg2 g4 47. Be2 Rc3 48. Bxg4 b3 49. Rb7+ Kg6 50. h4 1-0

[Event "European Womens-ch 2025"]
[Site "Rhodes"]
[Date "2025.04.04"]
[Round "5.53"]
[White "Heinatz, Gundula"]
[Black "Alexandri, Dimitra"]
[Result "1/2-1/2"]
[Annotator "ChessBase"]
[ECO "A30"]
[WhiteElo "2111"]
[BlackElo "1995"]
[PlyCount "94"]
[EventDate "2025.03.29"]
[EventType "swiss"]
[EventCountry "GRE"]
[SourceTitle "playchess.com"]
[Source "ChessBase"]
[SourceQuality "1"]
[TimeControl "40/5400+30:1800+30"]

1. d4 Nf6 2. Nf3 g6 3. Nbd2 d5 4. b3 Bg7 5. Bb2 O-O 6. e3 b6 7. Be2 Bb7 8. O-O c5 9. c4 cxd4 10. exd4 Nc6 11. Rc1 Rc8 12. Re1 Rc7 13. Bf1 Rd7 14. c5 bxc5 15. Bb5 Ne4 16. Ba3 Qa5 17. Bxc6 Bxc6 18. Bxc5 Nxc5 19. Rxc5 Qb6 20. Qc2 Bb7 21. a4 a6 22. h4 Qb4 23. Qd3 Rc8 24. Rec1 Rdd8 25. Qe3 Kf8 26. h5 Rxc5 27. Rxc5 Rc8 28. h6 Bf6 29. Ne5 Bxe5 30. Qxe5 f6 31. Rxc8+ Bxc8 32. Qe3 Bf5 33. Nf3 Kf7 34. Nd2 a5 35. f3 Bc2 36. Kh2 Qb8+ 37. Kh1 Qg3 38. Nf1 Qh4+ 39. Kg1 Bf5 40. Qd2 Be6 41. b4 axb4 42. Qxb4 Qxh6 43. a5 Qc1 44. a6 Qa1 45. Qb6 Bf5 46. a7 Bd3 47. Qb8 Qxf1+ 1/2-1/2

[Event "European Womens-ch 2025"]
[Site "Rhodes"]
[Date "2025.04.04"]
[Round "5.54"]
[White "Sivanandan, Bodhana"]
[Black "Chasouraki, Chrysi"]
[Result "1/2-1/2"]
[Annotator "NA"]
[ECO "B40"]
[WhiteElo "2073"]
[BlackElo "1843"]
[PlyCount "123"]
[EventDate "2025.03.29"]
[EventType "swiss"]
[EventCountry "GRE"]
[SourceTitle "playchess.com"]
[Source "ChessBase"]
[SourceQuality "1"]
[TimeControl "40/5400+30:1800+30"]

1. e4 c5 2. Nf3 e6 3. g3 d5 4. exd5 exd5 5. d4 cxd4 6. Nxd4 Nc6 7. Be3 Nf6 8. Bg2 Bb4+ 9. c3 Ba5 10. O-O O-O 11. Nd2 Re8 12. Re1 Bb6 13. Qb3 h6 14. Nf1 Ne5 15. Nf3 Bxe3 16. Rxe3 Nfg4 17. Ree1 Nd3 18. Rxe8+ Qxe8 19. Qc2 Ngxf2 20. Qd2 Bh3 21. Bxh3 Nxh3+ 22. Kg2 Nhf2 23. Ne3 Qe4 24. Rf1 Re8 25. Rxf2 Qxe3 26. Qxe3 Rxe3 27. Rd2 Ne1+ 28. Nxe1 Rxe1 29. Kf2 Re5 30. Rd4 Kf8 31. Rb4 b6 32. Rb5 Ke7 33. a4 Kd6 34. a5 d4 35. Rb4 Rxa5 36. Rxd4+ Rd5 37. Rf4 f6 38. Ke2 Rb5 39. b4 a5 40. bxa5 Rxa5 41. Rd4+ Rd5 42. Ra4 Rh5 43. h4 g5 44. Rd4+ Kc5 45. Kd3 gxh4 46. Rc4+ Kd6 47. gxh4 Re5 48. Rc8 b5 49. Rd8+ Ke7 50. Rd4 Ke6 51. Rf4 Kf7 52. Rg4 f5 53. Rg1 Re4 54. Rb1 Rxh4 55. Rxb5 f4 56. Ke4 f3+ 57. Kxf3 Rh3+ 58. Kg4 Rxc3 59. Rb7+ Kf6 60. Rb6+ Kg7 61. Rb7+ Kf6 62. Rb6+ 1/2-1/2

[Event "European Womens-ch 2025"]
[Site "Rhodes"]
[Date "2025.04.04"]
[Round "5.55"]
[White "Schippke, Manon"]
[Black "Subramanian, Anusha"]
[Result "1-0"]
[Annotator "ChessBase"]
[ECO "D30"]
[WhiteElo "2247"]
[BlackElo "2026"]
[PlyCount "109"]
[EventDate "2025.03.29"]
[EventType "swiss"]
[EventCountry "GRE"]
[SourceTitle "playchess.com"]
[Source "ChessBase"]
[SourceQuality "1"]
[TimeControl "40/5400+30:1800+30"]

1. d4 d5 2. c4 c6 3. Nf3 Nf6 4. e3 e6 5. Nbd2 Nbd7 6. b3 b6 7. Bb2 Bb7 8. Bd3 Be7 9. O-O c5 10. cxd5 exd5 11. dxc5 bxc5 12. Qc2 O-O 13. e4 dxe4 14. Nxe4 Nd5 15. Rad1 Qc7 16. Neg5 h6 17. Bh7+ Kh8 18. Bg8 N7f6 19. Rxd5 Kxg8 20. Bxf6 hxg5 21. Nxg5 g6 22. Bxe7 Bxd5 23. Bxf8 Rxf8 24. Qd3 Rd8 25. Rd1 Qe7 26. h4 Rd7 27. Qe3 Bb7 28. Rxd7 Qxd7 29. Qe5 Qd5 30. Qxd5 Bxd5 31. f3 c4 32. bxc4 Bxc4 33. a3 Kf8 34. Kf2 Ke7 35. Ke3 f6 36. Ne4 Ke6 37. Kf4 Bd5 38. g4 Bc4 39. g5 f5 40. Ng3 Bd3 41. h5 gxh5 42. Nxh5 Kf7 43. Ke5 Be2 44. g6+ Kf8 45. Kf4 Bd3 46. Ng3 Ke7 47. Ke5 f4 48. Nf5+ Kf8 49. Kxf4 Be2 50. Nd4 Bc4 51. Kg5 Kg7 52. f4 Bd5 53. Nf5+ Kh8 54. Kh6 Be6 55. Ne7 1-0

[Event "European Womens-ch 2025"]
[Site "Rhodes"]
[Date "2025.04.04"]
[Round "5.56"]
[White "Ciolacu, Alessia-Mihaela"]
[Black "Karadas, Hena"]
[Result "1-0"]
[Annotator "NA"]
[ECO "A28"]
[WhiteElo "2136"]
[BlackElo "1931"]
[PlyCount "53"]
[EventDate "2025.03.29"]
[EventType "swiss"]
[EventCountry "GRE"]
[SourceTitle "playchess.com"]
[Source "ChessBase"]
[SourceQuality "1"]
[TimeControl "40/5400+30:1800+30"]

1. c4 e5 2. Nc3 Nf6 3. Nf3 Nc6 4. e4 Bc5 5. Nxe5 Nxe5 6. d4 Bb4 7. dxe5 Nxe4 8. Qf3 d5 9. Be2 O-O 10. O-O Bxc3 11. bxc3 f6 12. cxd5 Qxd5 13. Ba3 c5 14. exf6 Rxf6 15. Qe3 b6 16. Rad1 Qe6 17. Rd8+ Kf7 18. Rfd1 Nxc3 19. Bc4 Nxd1 20. Bxe6+ Bxe6 21. Rxd1 Bxa2 22. Rd7+ Kg8 23. Bb2 Rg6 24. Qe5 Bf7 25. Rxf7 Kxf7 26. Qd5+ Re6 27. f4 1-0

[Event "European Womens-ch 2025"]
[Site "Rhodes"]
[Date "2025.04.04"]
[Round "5.57"]
[White "Koridze, Lile"]
[Black "Harutyunyan, Gabriela"]
[Result "1-0"]
[Annotator "NA"]
[ECO "E11"]
[WhiteElo "2115"]
[BlackElo "1793"]
[PlyCount "79"]
[EventDate "2025.03.29"]
[EventType "swiss"]
[EventCountry "GRE"]
[SourceTitle "playchess.com"]
[Source "ChessBase"]
[SourceQuality "1"]
[TimeControl "40/5400+30:1800+30"]

1. d4 d5 2. c4 e6 3. Nf3 Nf6 4. g3 Bb4+ 5. Bd2 Be7 6. Bg2 O-O 7. O-O c6 8. Qc2 Nbd7 9. b3 b6 10. Rd1 Bb7 11. Nc3 Rc8 12. e4 c5 13. exd5 exd5 14. dxc5 d4 15. Nxd4 Bxg2 16. Kxg2 Rxc5 17. Kg1 Qa8 18. Bf4 Rh5 19. Qe2 Re8 20. Qf3 Qc8 21. Nd5 Bc5 22. Rac1 Bxd4 23. Rxd4 Rf5 24. Qd3 Nc5 25. Qc2 Na6 26. Qd2 Qc6 27. Re1 Rxe1+ 28. Qxe1 Nxd5 29. cxd5 Qd7 30. d6 Nc5 31. Qe7 Rf6 32. Re4 Re6 33. Rxe6 fxe6 34. b4 Qxe7 35. dxe7 Kf7 36. bxc5 Kxe7 37. cxb6 axb6 38. Kf1 h6 39. Ke2 g5 40. Be3 1-0

[Event "European Womens-ch 2025"]
[Site "Rhodes"]
[Date "2025.04.04"]
[Round "5.58"]
[White "Golsta, Ramona"]
[Black "Tsetskhladze, Mariam"]
[Result "1/2-1/2"]
[Annotator "ChessBase"]
[ECO "E51"]
[WhiteElo "1943"]
[BlackElo "2105"]
[PlyCount "134"]
[EventDate "2025.03.29"]
[EventType "swiss"]
[EventCountry "GRE"]
[SourceTitle "playchess.com"]
[Source "ChessBase"]
[SourceQuality "1"]
[TimeControl "40/5400+30:1800+30"]

1. d4 Nf6 2. c4 e6 3. Nf3 d5 4. Nc3 Bb4 5. e3 O-O 6. Bd2 b6 7. a3 Be7 8. cxd5 exd5 9. Bd3 c5 10. O-O Nc6 11. h3 Bb7 12. Rc1 c4 13. Bb1 Re8 14. Ne5 Nxe5 15. dxe5 Nd7 16. f4 Nc5 17. Be1 Nb3 18. Qc2 g6 19. Rd1 d4 20. exd4 Nxd4 21. Qd2 Nb3 22. Qe2 Qc7 23. Bf2 Bc5 24. Be4 Bxe4 25. Nxe4 Be7 26. Qg4 Nc5 27. Bxc5 Bxc5+ 28. Kh1 Be7 29. Rd7 Qc6 30. Re1 h5 31. Qd1 Rad8 32. Rxd8 Rxd8 33. Qe2 Qe6 34. g4 hxg4 35. hxg4 Qd5 36. Kg2 Kg7 37. Qf3 Qd3 38. Re2 b5 39. f5 Qxf3+ 40. Kxf3 Rd3+ 41. Re3 Rxe3+ 42. Kxe3 gxf5 43. gxf5 Kf8 44. Kd4 Bd8 45. Nd6 Bb6+ 46. Kc3 a6 47. a4 bxa4 48. Kxc4 Be3 49. Kb4 Bd4 50. Nc4 Ke7 51. Kxa4 Kd7 52. Ka5 Kc6 53. Kxa6 Kc5 54. b3 Kb4 55. e6 fxe6 56. fxe6 Bf6 57. Nd2 Be7 58. Kb6 Kc3 59. Ka5 Bd8+ 60. Ka4 Kd4 61. Nf3+ Kd5 62. Kb5 Kxe6 63. Kc6 Ba5 64. Nd4+ Ke7 65. Kb5 Be1 66. Nf3 Bc3 67. Kc4 Ba5 1/2-1/2

[Event "European Womens-ch 2025"]
[Site "Rhodes"]
[Date "2025.04.04"]
[Round "5.59"]
[White "Vidic, Teja"]
[Black "Recica, Jona"]
[Result "1-0"]
[Annotator "NA"]
[ECO "C77"]
[WhiteElo "2100"]
[BlackElo "1716"]
[PlyCount "75"]
[EventDate "2025.03.29"]
[EventType "swiss"]
[EventCountry "GRE"]
[SourceTitle "playchess.com"]
[Source "ChessBase"]
[SourceQuality "1"]
[TimeControl "40/5400+30:1800+30"]

1. e4 e5 2. Nf3 Nc6 3. Bb5 a6 4. Ba4 Nf6 5. Nc3 b5 6. Bb3 Bc5 7. Nd5 h6 8. c3 d6 9. d4 Ba7 10. a4 Bb7 11. axb5 axb5 12. O-O O-O 13. Be3 Kh8 14. Nxf6 Qxf6 15. d5 Bxe3 16. dxc6 Rxa1 17. Qxa1 Bxc6 18. fxe3 Bxe4 19. Nd2 Qg6 20. Nxe4 Qxe4 21. Qe1 f5 22. Qe2 Qc6 23. Qd3 Qd7 24. h3 Rf6 25. Qd5 Qe8 26. Qb7 c5 27. Bd5 f4 28. exf4 exf4 29. Bf3 Rf7 30. Qd5 Rf6 31. Ra1 Qe3+ 32. Kh2 Re6 33. Ra8+ Kh7 34. Qf5+ Rg6 35. Rf8 c4 36. Qxf4 Qxf4+ 37. Rxf4 Re6 38. Re4 1-0

[Event "European Womens-ch 2025"]
[Site "Rhodes"]
[Date "2025.04.04"]
[Round "5.60"]
[White "Alexandri, Vasiliki"]
[Black "Grapsa, Georgia"]
[Result "1/2-1/2"]
[Annotator "NA"]
[ECO "E43"]
[WhiteElo "1927"]
[BlackElo "2065"]
[PlyCount "28"]
[EventDate "2025.03.29"]
[EventType "swiss"]
[EventCountry "GRE"]
[SourceTitle "playchess.com"]
[Source "ChessBase"]
[SourceQuality "1"]
[TimeControl "40/5400+30:1800+30"]

1. d4 Nf6 2. c4 e6 3. Nc3 Bb4 4. e3 b6 5. Bd3 Bb7 6. Nf3 Ne4 7. Qc2 f5 8. Nd2 Bxc3 9. bxc3 Nxd2 10. Bxd2 Qh4 11. O-O Bxg2 12. Kxg2 Qg4+ 13. Kh1 Qf3+ 14. Kg1 Qg4+ 1/2-1/2